 Dungeon Crawl Stone Soup version 0.26-a0-651-gb41185065b (webtiles) character file.

Game seed: 9807670811829503640

113837 tilp the Unseen (level 16, -15/87 (88) HPs)
             Began as a Spriggan Enchanter on Oct 9, 2020.
             Was the Champion of Dithmenos.
             Hit by a javelin thrown by a merfolk javelineer (24 damage)
             ... on level 1 of the Shoals.
             The game lasted 01:21:39 (36430 turns).

tilp the Unseen (Spriggan Enchanter)               Turns: 36430, Time: 01:21:39

HP:   -15/87 (88)   AC:  8    Str:  2    XL:     16   Next: 15%
MP:   35/38         EV: 29    Int: 22    God:    Dithmenos [******]
Gold: 1203          SH: 11    Dex: 14    Spells: 11/31 levels left

rFire    . . .     SeeInvis +   a - +8 dagger (elec)
rCold    + + +     Faith    .   k - +0 buckler
rNeg     + + .     Spirit   .   I - +2 robe {Archmagi}
rPois    +         Reflect  +   (helmet restricted)
rElec    +         Harm     .   O - scarf {+Inv}
rCorr    .         Rampage  .   (gloves unavailable)
MR       +++++                  (boots unavailable)
Stlth    ++++++....             n - amulet of Ydamni Wyimi {Reflect rC+++ MR++ Str-2 Dex-4 SH+5}
HPRegen  0.24/turn              P - +4 ring of protection
MPRegen  0.26/turn              S - ring "Manecole" {rElec rPois rN++ MR+ MP+9}

@: wreathed by umbra, slow
A: very small, unfitting armour, see invisible, speed 3
a: Shadow Step, Shadow Form, Renounce Religion, Evoke Invisibility


You were on level 1 of the Shoals.
You worshipped Dithmenos.
Dithmenos was exalted by your worship.
You visited 6 branches of the dungeon, and saw 26 of its levels.
You also visited: Volcano.

You collected 2647 gold pieces.
You spent 1444 gold pieces at shops.

Inventory:

Hand Weapons
 a - a +8 dagger of electrocution (weapon)
 b - the +8 demon blade "Leech" {vamp, *Rage +Rage rN+}
   (You took it off a big kobold on level 10 of the Dungeon)

   It inflicts no extra harm, but heals its wielder when it wounds a living foe.
   It protects you from negative energy.
   It lets you go berserk.
   It may make you go berserk in combat.
Missiles
 d - a throwing net {!f}
 i - 107 poisoned darts (quivered)
 j - 12 atropa-tipped darts
 y - 11 curare-tipped darts
Armour
 k - a +0 buckler (worn)
 I - a +2 robe of the Archmagi (worn)
 N - +0 acid dragon scales
 O - a scarf of invisibility (worn)
 T - a +2 cloak
 Z - the +3 hat of Pondering {ponderous, MR+ MP+10 Int+5}
   (You took it off Gastronok on level 1 of the Orcish Mines)

   It affects your intelligence (+5).
   It affects your resistance to hostile enchantments.
   It affects your magic capacity (+10).
Magical Staves
 x - an uncursed staff of earth
 J - an uncursed staff of conjuration
Jewellery
 n - the amulet of Ydamni Wyimi (around neck) {Reflect rC+++ MR++ Str-2 Dex-4 SH+5}
   (You acquired it on level 13 of the Dungeon)

   [amulet of reflection]

   It shields you and reflects attacks.
   It affects your strength (-2).
   It affects your dexterity (-4).
   It renders you almost immune to cold.
   It affects your resistance to hostile enchantments.
   It affects your SH (+5).
 t - a +6 ring of dexterity
 P - a +4 ring of protection (left hand)
 S - the ring "Manecole" (right hand) {rElec rPois rN++ MR+ MP+9}
   (You bought it in a shop on level 1 of the Orcish Mines)

   [ring of magical power]

   It insulates you from electricity.
   It protects you from poison.
   It greatly protects you from negative energy.
   It affects your resistance to hostile enchantments.
   It affects your magic capacity (+9).
 Y - an uncursed ring of wizardry
Wands
 p - a wand of paralysis (20)
 A - a wand of digging (5)
 B - a wand of iceblast (18)
 G - a wand of acid (3)
 L - a wand of disintegration (30)
 W - a wand of polymorph (7)
 X - a wand of flame (11)
Scrolls
 c - 6 scrolls of identify
 e - 9 scrolls of remove curse
 g - 13 scrolls of teleportation
 m - 3 scrolls of magic mapping
 o - 4 scrolls of fog
 w - 2 scrolls of amnesia
 M - 7 scrolls of fear
 Q - 3 scrolls of enchant armour
 U - 2 scrolls of blinking
Potions
 f - 4 potions of flight
 h - 5 potions of lignification
 q - 2 potions of brilliance
 r - 5 potions of invisibility
 s - 5 potions of mutation
 u - 10 potions of curing
 v - 6 potions of stabbing
 z - 7 potions of ambrosia
 C - a potion of cancellation
 D - 5 potions of haste
 E - 5 potions of heal wounds
 F - 2 potions of magic
 H - a potion of might
 V - 3 potions of resistance
Miscellaneous
 l - a phial of floods
 K - a condenser vane (2/2)
 R - a phantom mirror


   Skills:
 + Level 12.2 Fighting
 - Level 10.0(10.6) Short Blades
 + Level 4.3(6.5) Long Blades
 - Level 15.0 Dodging
 - Level 18.0 Stealth
 - Level 4.0 Shields
 - Level 8.0 Spellcasting
 - Level 12.0 Hexes
 - Level 6.0 Transmutations
 - Level 6.0 Invocations
 - Level 12.0 Evocations


You had 11 spell levels left.
You knew the following spells:

 Your Spells              Type           Power        Failure   Level
a - Corona                Hex            #######      1%          1
b - Ensorcelled Hibernat  Hex/Ice        ######       1%          2
c - Confusing Touch       Hex            #######.     1%          3
d - Tukima's Dance        Hex            #######.     1%          3
e - Dazzling Flash        Conj/Hex       ######       2%          3
f - Animate Skeleton      Necr           ##....       9%          1
g - Apportation           Tloc           ##....       9%          1
h - Summon Small Mammal   Summ           ##..         9%          1
i - Yara's Violent Unrav  Hex/Tmut       ######....   6%          5

Your spell library contained the following spells:

 Spells                   Type           Power        Failure   Level
 Inner Flame              Hex/Fire       ######..     2%          3
 Summon Guardian Golem    Hex/Summ       ######..     2%          3
 Foxfire                  Conj/Fire      ##..         9%          1
 Freeze                   Ice            ##..         9%          1
 Call Imp                 Summ           ##......     14%         2
 Metabolic Englaciation   Hex/Ice        ######....   22%         5
 Call Canine Familiar     Summ           ##......     26%         3
 Conjure Flame            Conj/Fire      ##......     26%         3
 Frozen Ramparts          Ice            ##....       26%         3
 Gell's Gravitas          Tloc           ##........   26%         3
 Ozocubu's Armour         Ice            ##......     26%         3
 Petrify                  Tmut/Erth      ####....     26%         4
 Irradiate                Conj/Tmut      ####......   58%         5
 Hailstorm                Conj/Ice       ##......     65%         4
 Sticky Flame             Conj/Fire      ##......     65%         4
 Summon Ice Beast         Ice/Summ       ##......     65%         4
 Summon Lightning Spire   Summ/Air       ##......     65%         4
 Hydra Form               Tmut           ######....   75%         6
 Fireball                 Conj/Fire      ##........   94%         5
 Statue Form              Tmut/Erth      ####.....    99%         6
 Dragon Form              Tmut           ######....   100%        7


Dungeon Overview and Level Annotations

Branches:
Dungeon (15/15)            Temple (1/1) D:7            Lair (6/6) D:11
 Shoals (1/4) Lair:4       Spider (1/4) Lair:4        Slime (0/5) Lair:6
    Orc (2/2) D:11            Elf (0/3) Orc:2        Vaults (0/5) D:13
 Depths (0/5) D:15        Volcano (visited)

Altars:
Ashenzari
Cheibriados
Dithmenos
Elyvilon
Fedhas
Gozag
Hepliaklqana
Kikubaaqudgha
Makhleb
Nemelex Xobeh
Okawaru
Qazlal
Ru
Sif Muna
Trog
Uskayaw
Vehumet
Wu Jian
Xom
Yredelemnul
Zin
The Shining One
Beogh

Shops:
D:8 ?   D:11 ([   Orc:1 =   Orc:2 =(*


Innate Abilities, Weirdness & Mutations

You are very small and have problems with some larger weapons.
You are too small for most types of armour.
You have supernaturally acute eyesight. (SInv)
You cover ground extremely quickly.


Message History

Dithmenos accepts your kill.
You hear a splash. x3
The merfolk javelineer throws a javelin.
The javelin pierces through you!
* * * LOW HITPOINT WARNING * * *
You hear a splash.
The merfolk javelineer throws a javelin.
The javelin completely misses you.
You hear a splash.
The merfolk javelineer throws a javelin.
The javelin pierces through you!
* * * LOW HITPOINT WARNING * * *
The merfolk javelineer throws a javelin.
The javelin closely misses you.
You see here 3 javelins.
You enter the shallow water.
Moving in this stuff is going to be slow.
The merfolk javelineer throws a javelin.
The javelin pierces through you!!
You die...

≈≈≈≈≈≈≈≈≈≈≈≈≈.###(...(#
≈≈≈≈≈≈≈≈≈≈≈≈≈≈≈≈≈)........
≈≈≈≈≈≈≈≈≈≈≈≈≈§§§≈≈........#
≈≈≈≈≈≈≈≈≈≈≈≈≈§§§§§).......#
≈≈≈≈≈≈≈≈≈≈≈≈≈§§§§§#....#.##
≈≈≈≈≈≈≈≈≈≈≈≈≈≈≈§§§#(.#####
≈≈≈≈≈≈≈≈≈≈≈≈≈≈m.§##Y.#
≈≈≈≈≈≈≈≈≈≈≈(≈(≈§##mc(#
≈≈≈≈≈≈≈≈≈≈@######....#
≈≈≈≈≈≈.<(.≈# ##...##
≈≈≈≈≈......# #..#.#
≈≈≈≈≈≈...### +.....#
≈≈≈≈≈≈..## #.....≈#
≈≈≈≈≈≈..# #≈.#..≈≈#
≈≈≈≈≈≈... #.≈≈.≈≈≈..#
≈≈≈≈≈≈≈[. #.#≈≈≈#...#
≈≈≈≈≈≈≈≈. †P...≈≈...#


You could see a merfolk javelineer.

Vanquished Creatures
  Rupert (D:15)
  Jorgrun (D:12)
  Frances (Shoals:1)
  Gastronok (Orc:1)
  An orc warlord (Orc:2)
  An ettin (D:15)
  3 ogre magi
  Harold (Lair:1)
  A vault guard (D:13)
  3 catoblepae (Lair:6)
  3 hydras
  3 centaur warriors
  A death knight (D:15)
  13 two-headed ogres
  6 death yaks (Lair:6)
  2 tengu warriors
  Urug (Lair:4)
  3 orc high priests
  Sonja (Lair:3)
  Nergalle (D:11)
  7 hell knights
  2 skeletal warriors
  2 unseen horrors (D:15)
  A sea snake (Shoals:1)
  A wizard (D:15)
  A necromancer (D:14)
  A phantasmal warrior (D:15)
  4 orc knights
  33 ugly things
  2 deep elf magi
  6 cyclopes
  7 orc sorcerers
  3 manticores
  2 fauns (Shoals:1)
  6 elephants
  A merfolk siren (Shoals:1)
  4 black mambas
  Maggie (Lair:1)
  3 gargoyles
  A freezing wraith (D:15)
  7 cane toads
  3 komodo dragons
  A yaktaur (D:15)
  A rime drake (shapeshifter) (D:15)
  An efreet (D:13)
  4 meliai
  A merfolk (Shoals:1)
  A wind drake (shapeshifter) (D:14)
  A tengu conjurer (D:13)
  A queen bee (D:11)
  11 trolls
  A hornet (D:11)
  2 polar bears (Lair:6)
  Grinder (D:4)
  12 blink frogs (Lair:6)
  A snapping turtle (Lair:4)
  8 hippogriffs
  A redback (Spider:1)
  3 shadows
  5 wraiths
  3 wyverns
  A vampire (D:14)
  5 fire bats (Volcano)
  54 yaks
  3 basilisks
  5 vampire mosquitoes
  4 wargs
  6 water moccasins
  4 acid dragons
  7 hell hounds (D:14)
  10 porcupines
  4 black bears
  31 orc warriors
  4 ice beasts
  8 sky beasts
  2 eyes of draining
  A phantom (D:4)
  2 necrophages
  3 wolves (Lair:4)
  16 ogres
  14 centaurs
  8 crocodiles
  5 big kobolds
  Blork the orc (D:6)
  22 bullfrogs
  A gnoll sergeant (D:9)
  3 wyvern zombies
  A wyvern skeleton (D:14)
  5 scorpions
  22 killer bees
  3 wights (D:10)
  2 howler monkeys (D:6)
  4 electric eels
  3 centaur zombies
  A crimson imp (D:2)
  2 lava snakes (Volcano)
  2 quasits
  2 bullfrog zombies
  9 hounds
  3 jellies
  4 bullfrog skeletons
  13 orc priests
  5 centaur skeletons
  A gnoll shaman (D:7)
  7 iguanas
  29 orc wizards
  4 worker ants
  A worker ant zombie (D:5)
  A howler monkey zombie (D:6)
  17 gnolls
  2 howler monkey skeletons
  9 adders
  A shadow imp (D:5)
  A white imp (D:5)
  2 ufetubi
  2 oozes
  An adder zombie (D:5)
  2 adder skeletons
  A worm (D:2)
  3 dart slugs
  7 leopard geckos
  78 orcs
  A ball python (D:8)
  6 giant cockroaches
  10 goblins
  7 hobgoblins
  9 jackals
  7 quokkas
  9 bats
  5 frilled lizards
  A giant cockroach zombie (D:5)
  32 kobolds
  A leopard gecko skeleton (D:8)
  2 quokka skeletons
  14 rats
  A butterfly (D:6)
784 creatures vanquished.

Vanquished Creatures (others)
  A death yak (Lair:6)
  An electric eel (Lair:5)
  An orc (Orc:2)
  A kobold (D:13)
  6 fungi
  14 plants
24 creatures vanquished.

Grand Total: 808 creatures vanquished

Notes
Turn   | Place    | Note
-------+----------+-------------------------------------------
     0 | D:1      | tilp the Spriggan Enchanter began the quest for the Orb.
     0 | D:1      | Reached XP level 1. HP: 9/9 MP: 5/5
   262 | D:1      | Reached XP level 2. HP: 13/13 MP: 4/6
   266 | D:1      | Learned a level 2 spell: Ensorcelled Hibernation
   766 | D:1      | Reached skill level 5 in Stealth
  1387 | D:1      | Reached XP level 3. HP: 16/16 MP: 0/8
  1434 | D:1      | Learned a level 3 spell: Confusing Touch
  1885 | D:2      | Found a broken altar of Ashenzari.
  2764 | D:2      | Found a burning altar of Makhleb.
  2768 | D:2      | Reached skill level 6 in Stealth
  2768 | D:2      | Reached XP level 4. HP: 21/21 MP: 9/9
  3321 | D:3      | Found an iron altar of Okawaru.
  3388 | D:3      | Found a faded altar of an unknown god.
  3728 | D:3      | You fall into a shaft and drop 1 floor!
  4595 | D:4      | Noticed Grinder
  4598 | D:4      | Reached skill level 7 in Stealth
  4598 | D:4      | Reached XP level 5. HP: 11/24 MP: 3/10
  5517 | D:4      | Noticed a phantom
  5527 | D:4      | Killed a phantom
  5527 | D:4      | Reached skill level 8 in Stealth
  5527 | D:4      | Reached XP level 6. HP: 28/28 MP: 11/11
  5603 | D:4      | Reached skill level 5 in Short Blades
  5611 | D:4      | Learned a level 3 spell: Tukima's Dance
  5667 | D:4      | Reached skill level 1 in Fighting
  6286 | D:5      | Entered Level 5 of the Dungeon
  6303 | D:5      | Found an opulent altar of Gozag.
  6476 | D:5      | Reached skill level 5 in Dodging
  6476 | D:5      | Reached XP level 7. HP: 23/34 MP: 9/12
  7134 | D:5      | Reached XP level 8. HP: 39/39 MP: 13/13
  7357 | D:6      | Found a large runed translucent door.
  7357 | D:6      | Found a large runed translucent door.
  7568 | D:6      | Found a large runed translucent door.
  7568 | D:6      | Found a large runed translucent door.
  7586 | D:6      | Got a warped lajatang
  7723 | D:6      | Reached skill level 5 in Hexes
  7921 | D:6      | Got a buzzing arbalest
  7986 | D:6      | Noticed Blork the orc
  7993 | D:6      | Killed Blork the orc
  8181 | D:6      | Identified the +3 lajatang of Koforioq {venom, *Corrode rF+
                  | Int+3} (You found it on level 6 of the Dungeon)
  8488 | D:6      | Found a shimmering altar of Xom.
  8566 | D:6      | Learned a level 3 spell: Dazzling Flash
  8880 | D:6      | Reached XP level 9. HP: 43/43 MP: 13/16
  9234 | D:7      | Found a blossoming altar of Fedhas.
  9362 | D:7      | Found a staircase to the Ecumenical Temple.
  9365 | D:7      | Reached skill level 9 in Stealth
  9760 | D:7      | Found an ancient bone altar of Kikubaaqudgha.
  9790 | Temple   | Entered the Ecumenical Temple
  9884 | Temple   | Became a worshipper of Dithmenos the Shadowed
 10317 | D:7      | Reached skill level 10 in Stealth
 10458 | D:8      | Found a bloodstained altar of Trog.
 10606 | D:8      | Found a broken altar of Ashenzari.
 10665 | D:8      | Reached skill level 11 in Stealth
 10669 | D:8      | Found Kohaopa's Magic Scroll Shoppe.
 10813 | D:8      | Bought a scroll of identify for 30 gold pieces
 10813 | D:8      | Bought a scroll of identify for 30 gold pieces
 10813 | D:8      | Bought a scroll of identify for 30 gold pieces
 10813 | D:8      | Identified the cursed +3 arbalest of Division {flame,
                  | +Blink Dex+2 Stlth+} (You found it on level 6 of the
                  | Dungeon)
 10832 | D:8      | Identified the +4 quarterstaff "Lagaor" {spect, Str+9
                  | Int+2}
 10834 | D:8      | Identified the +4 quarterstaff "Lagaor" {spect, Str+9
                  | Int+2}
 10842 | D:8      | Reached * piety under Dithmenos
 11019 | D:8      | Reached skill level 12 in Stealth
 11309 | D:8      | Reached XP level 10. HP: 44/48 MP: 7/17
 11462 | D:8      | Found a glowing silver altar of Zin.
 11464 | D:8      | Found Zin's Purification Station.
 11468 | D:8      | Bought a potion of curing for 90 gold pieces
 11949 | D:9      | Found a hazy altar of Hepliaklqana.
 12085 | D:9      | Reached skill level 1 in Invocations
 12333 | D:9      | Reached ** piety under Dithmenos
 12743 | D:9      | Noticed a two-headed ogre
 12760 | D:9      | Noticed a centaur warrior
 12776 | D:9      | Killed a two-headed ogre
 12776 | D:9      | Reached skill level 5 in Evocations
 12869 | D:9      | Noticed a tengu warrior
 12871 | D:9      | Killed a centaur warrior
 12871 | D:9      | Reached skill level 5 in Spellcasting
 12872 | D:9      | Noticed a gargoyle
 12872 | D:9      | Noticed a two-headed ogre
 12874 | D:9      | Killed a two-headed ogre
 12905 | D:9      | Killed a gargoyle
 12926 | D:9      | Killed a tengu warrior
 12926 | D:9      | Reached XP level 11. HP: 51/52 MP: 8/20
 13022 | D:9      | Noticed a skeletal warrior
 13031 | D:9      | Killed a skeletal warrior
 13126 | D:10     | Entered Level 10 of the Dungeon
 13170 | D:10     | Reached skill level 13 in Stealth
 13895 | D:10     | Got a faintly glowing robe
 14208 | D:10     | Reached *** piety under Dithmenos
 15068 | D:11     | Reached skill level 10 in Dodging
 15578 | D:11     | Noticed a purple ugly thing
 15590 | D:11     | Killed a purple ugly thing
 15590 | D:11     | Reached **** piety under Dithmenos
 15590 | D:11     | Reached skill level 5 in Fighting
 15601 | D:11     | Found Natoseud's Armour Emporium.
 15601 | D:11     | Found a staircase to the Orcish Mines.
 15601 | D:11     | Found Cemirigu's Weapon Emporium.
 15819 | D:11     | Noticed a brown ugly thing
 15825 | D:11     | Killed a brown ugly thing
 15942 | D:11     | Noticed a purple ugly thing
 15949 | D:11     | Killed a purple ugly thing
 15949 | D:11     | Reached skill level 10 in Hexes
 16037 | D:11     | Noticed Nergalle
 16066 | D:11     | Killed Nergalle
 16066 | D:11     | Reached skill level 14 in Stealth
 16187 | D:11     | Found a staircase to the Lair.
 16214 | D:11     | Reached skill level 10 in Short Blades
 16216 | D:11     | Noticed a brown ugly thing
 16222 | D:11     | Killed a brown ugly thing
 16245 | D:11     | Identified the cursed +0 robe of Vedd {Stlth+} (You found
                  | it on level 10 of the Dungeon)
 16279 | D:11     | Bought a +2 robe of the Archmagi for 414 gold pieces
 16380 | D:11     | Reached XP level 12. HP: 59/59 MP: 22/22
 16467 | D:11     | Learned a level 1 spell: Animate Skeleton
 16469 | D:11     | Learned a level 1 spell: Apportation
 16471 | D:11     | Learned a level 1 spell: Summon Small Mammal
 16532 | D:12     | Noticed Jorgrun
 16781 | D:12     | Noticed a two-headed ogre
 16782 | D:12     | Noticed an ogre mage
 16784 | D:12     | Noticed a two-headed ogre
 16789 | D:12     | Noticed a two-headed ogre
 16796 | D:12     | Killed a two-headed ogre
 16816 | D:12     | Killed an ogre mage
 16818 | D:12     | Killed a two-headed ogre
 16818 | D:12     | Reached skill level 15 in Stealth
 16823 | D:12     | Killed a two-headed ogre
 17376 | D:12     | Noticed a two-headed ogre
 17384 | D:12     | Killed a two-headed ogre
 17399 | D:12     | Reached ***** piety under Dithmenos
 18111 | D:4      | Killed Grinder
 18439 | Lair:1   | Entered Level 1 of the Lair of Beasts
 18698 | Lair:1   | Reached skill level 15 in Dodging
 18705 | Lair:1   | Learned a level 5 spell: Yara's Violent Unravelling
 18775 | Lair:1   | Noticed Harold
 18853 | Lair:1   | Killed Harold
 18853 | Lair:1   | Reached skill level 1 in Transmutations
 19137 | Lair:1   | Noticed Maggie
 19141 | Lair:1   | Killed Maggie
 19415 | Lair:2   | You fall into a shaft and drop 1 floor!
 19873 | Lair:2   | You fall into a shaft and drop 1 floor!
 20555 | Lair:3   | Reached XP level 13. HP: 64/64 MP: 23/23
 20565 | Lair:3   | Noticed Sonja
 20568 | Lair:3   | Killed Sonja
 21100 | Lair:4   | Noticed Urug
 21107 | Lair:4   | Killed Urug
 21776 | Lair:4   | Found a hole to the Spider Nest.
 22056 | Lair:4   | Found a staircase to the Shoals.
 22315 | Lair:5   | Reached skill level 16 in Stealth
 23162 | Lair:6   | Entered Level 6 of the Lair of Beasts
 23286 | Lair:6   | Found a dark tunnel.
 23315 | Volcano  | Entered a volcano
 23533 | Volcano  | Found a bloodstained altar of Trog.
 24036 | Lair:6   | Reached skill level 17 in Stealth
 24326 | Lair:6   | Found a staircase to the Slime Pits.
 24515 | Lair:6   | Reached XP level 14. HP: 72/72 MP: 27/27
 25144 | Lair:6   | Reached skill level 18 in Stealth
 25811 | Lair:6   | HP: 2/73 [death yak (22)]
 26863 | D:12     | Killed Jorgrun
 27060 | Orc:1    | Entered Level 1 of the Orcish Mines
 27063 | Orc:1    | Found Ezxuwyef's Jewellery Shop.
 27323 | Orc:1    | Bought the ring "Manecole" {rElec rPois rN++ MR+ MP+9} for
                  | 760 gold pieces
 27413 | Orc:1    | Reached skill level 10 in Fighting
 27548 | Orc:2    | Entered Level 2 of the Orcish Mines
 28095 | Orc:1    | Noticed Gastronok
 28097 | Orc:1    | Killed Gastronok
 28097 | Orc:1    | Reached skill level 5 in Invocations
 28196 | Orc:2    | Found a staircase to the Elven Halls.
 28514 | Orc:1    | Found a roughly hewn altar of Beogh.
 28780 | Orc:2    | Found a roughly hewn altar of Beogh.
 28918 | Orc:2    | Noticed an orc warlord
 29129 | Orc:2    | Killed an orc warlord
 29413 | Orc:2    | Reached skill level 10 in Evocations
 29840 | Orc:2    | Found Inaqis's Antique Weapon Emporium.
 29912 | Orc:2    | Found Habrirgh's Antique Armour Emporium.
 30054 | Orc:2    | Found Duoheej's General Store.
 30060 | Orc:2    | Bought a scroll of enchant weapon for 90 gold pieces
 30087 | Orc:2    | Found Dawudgh's Jewellery Emporium.
 30491 | D:13     | Reached skill level 1 in Long Blades
 30988 | D:13     | Reached ****** piety under Dithmenos
 31053 | D:13     | Reached skill level 5 in Transmutations
 31276 | D:13     | Reached XP level 15. HP: 79/79 MP: 28/28
 31334 | D:13     | Identified the +6 whip "Josaykku" {vorpal, +Fly rN+ Dex-4}
 32025 | D:13     | Identified a scroll of acquirement
 32025 | D:13     | Acquired the amulet of Ydamni Wyimi {Reflect rC+++ MR++
                  | Str-2 Dex-4 SH+5}
 32433 | D:13     | Found a gate to the Vaults.
 32649 | D:14     | Reached skill level 1 in Shields
 33688 | D:14     | You fall into a shaft and drop 1 floor!
 33688 | D:15     | Entered Level 15 of the Dungeon
 34415 | D:15     | Noticed Rupert
 34853 | D:15     | Killed Rupert
 35422 | D:15     | Reached XP level 16. HP: 80/87 MP: 29/29
 35458 | D:15     | Found a staircase to the Depths.
 36209 | Spider:1 | Entered Level 1 of the Spider Nest
 36273 | Shoals:1 | Entered Level 1 of the Shoals
 36277 | Shoals:1 | Noticed Frances
 36280 | Shoals:1 | Killed Frances
 36385 | Shoals:1 | Found a hide-covered altar of Uskayaw.
 36430 | Shoals:1 | Hit by a javelin thrown by a merfolk javelineer

Illustrated notes

Levels and vault maps discovered:
D:1:      psy_arrival_spokes, layout_basic
D:2:      layout_basic, makhleb_grotto_becter, ashenzari_conservatory_becter
D:3:      layout_basic, overflow_temple_1_default,
          chequers_ecumenical_altar_simple_redux
D:4:      layout_basic, uniq_grinder
D:5:      layout_loops_ring, nicolae_gozag_cash_rules_everything_around_me
D:6:      layout_loops_corners, xom_butterflies, chequers_serial_rivers_micro_c,
          minmay_hollow_rounded_squares, uniq_blork_the_orc
D:7:      layout_basic, kennysheep_mini, minmay_temple_entry_statues_fountains,
          chequers_jeans, fedhas_altar_4
D:8:      layout_loops_ring, zin_purify, bloody_trog, basic_altar, serial_shops,
          shop_statue
D:9:      layout_roguey, nicolae_overflow_crystal_walls, minmay_the_grid_2x2
          [minmay_the_grid_medium_cups, minmay_the_grid_gridbox,
          minmay_the_grid_minigrid_small_alt,
          minmay_the_grid_prize_four_corners]
D:10:     layout_long_grid
D:11:     layout_stronghold, lair_entry_dummy, orc_david_3, minivault_7,
          uniq_nergalle
D:12:     layout_basic, uniq_jorgrun
D:13:     layout_cave_pools, david_vaults_5
D:14:     layout_basic, minmay_rotating_lava
D:15:     hangedman_depths_entry_civil_slaughter, layout_cave_pools,
          solitary_fountain, uniq_rupert
Temple:   cyrus_circular_temple
Lair:1:   layout_chaotic_city, gammafunk_lair_bear_cave, uniq_maggie,
          uniq_harold
Lair:2:   layout_regular_city, infiniplex_staircase_pool_2
Lair:3:   layout_chaotic_city, lemuel_fruit_tree, serial_bayou_shore_b,
          uniq_sonja
Lair:4:   layout_layer_cave, minmay_shoals_entry_hut, dummy_spider_entry,
          columned_hall_lemuel, uniq_urug
Lair:5:   layout_misc_corridors, serial_bayou_ford_a, infiniplex_staircase_pool
Lair:6:   evilmike_catoblepas_cave, layout_cave_shapes, slime_dummy,
          enter_volcano_4
Shoals:1: layout_shoals, regret_index_shoals_crete, uniq_josephine, uniq_frances
Spider:1: layout_spider_delve, drop_trap, uniq_kirke
Orc:1:    layout_caves, serial_shops, shop, basic_altar, uniq_gastronok
Orc:2:    grunt_orc_cross, layout_diamond_mine

Skill      XL: |  1  2  3  4  5  6  7  8  9 10 11 12 13 14 15 16 |
---------------+-------------------------------------------------+-----
Hexes          | 4 8 9 10 12 | 12.0
Stealth        | 5 6 7 8 12 14 15 17 18 | 18.0
Short Blades   | 2 3 4 5 8 10 | 10.0
Fighting       | 2 3 4 5 6 8 10 11 12 | 12.2
Dodging        | 5 8 9 11 15 | 15.0
Spellcasting   | 3 4 5 6 8 |  8.0
Evocations     | 4 6 10 12 | 12.0
Invocations    | 3 4 6 |  6.0
Transmutations | 3 4 5 6 |  6.0
Long Blades    | 1 3 4 |  4.3
Shields        | 4 |  4.0

Action                   |  1- 3 |  4- 6 |  7- 9 | 10-12 | 13-15 | 16-18 || total
-------------------------+-------+-------+-------+-------+-------+-------++-------
Melee: Dagger            |   102 |   124 |   235 |   485 |   752 |    46 ||  1744
       Short sword       |       |       |    13 |       |       |       ||    13
       Demon blade       |       |       |       |       |    95 |       ||    95
       Quarterstaff      |       |       |       |       |    12 |       ||    12
Throw: Stone             |    26 |       |       |       |       |       ||    26
       Dart              |       |     3 |     1 |       |     1 |       ||     5
 Cast: Corona            |     7 |       |       |       |       |       ||     7
       Ensorcelled Hiber |    37 |    53 |   104 |   159 |   225 |     4 ||   582
       Confusing Touch   |     2 |     4 |    13 |    20 |    43 |     5 ||    87
       Dazzling Flash    |       |       |       |     2 |    46 |       ||    48
       Yara's Violent Un |       |       |       |       |     5 |       ||     5
Invok: Shadow Step       |       |       |       |     2 |     8 |     1 ||    11
 Abil: Evoke Invisibilit |       |       |       |       |     2 |       ||     2
Evoke: Wand              |       |       |       |     1 |       |       ||     1
       Condenser vane    |       |       |       |     1 |     3 |       ||     4
  Use: Scroll            |     2 |     5 |     8 |    18 |    13 |       ||    46
       Potion            |       |       |       |       |     4 |       ||     4
 Stab: Sleeping          |    38 |    30 |    83 |   146 |   207 |     9 ||   513
       Confused          |       |     4 |    15 |    22 |    38 |     4 ||    83
       Distracted        |       |       |     1 |     2 |     1 |       ||     4
       Paralysed         |       |       |       |     1 |       |       ||     1
       Invisible         |       |       |       |     2 |    46 |       ||    48
Armor: Robe              |     5 |     4 |     6 |    13 |    46 |     4 ||    78
Dodge: Dodged            |   104 |    62 |   167 |   326 |   886 |    23 ||  1568
Block: Buckler           |       |       |       |       |    26 |    12 ||    38
       Reflection        |       |       |       |       |     7 |     1 ||     8
       Other             |       |       |       |       |     5 |       ||     5
       Rpst.: Demon blade |       |       |       |       |    35 |       ||    35

Table legend: (Time is in decaauts)
 A = Elapsed time spent in this place.
 B = Non-inter-level travel time spent in this place.
 C = Inter-level travel time spent in this place.
 D = Time resting spent in this place.
 E = Time spent auto-exploring this place.
 F = Levels seen in this place.
 G = Mean time per level.
                   A        B        C        D        E       F      G
               +--------+--------+--------+--------+--------+-----+--------+
         Total |  28610 |  27019 |   1591 |  12550 |   9286 |  27 | 1059.6 |
       Dungeon |  19435 |  18414 |   1021 |   9148 |   5782 |  15 | 1295.7 |
        Temple |     83 |     73 |     10 |      0 |     69 |   1 |   83.0 |
          Lair |   6119 |   5665 |    454 |   2278 |   2476 |   6 | 1019.8 |
        Shoals |    118 |    118 |      0 |     17 |     35 |   1 |  118.0 |
   Spider Nest |      2 |      2 |      0 |      0 |      0 |   1 |    2.0 |
  Orcish Mines |   2530 |   2427 |    103 |    953 |    923 |   2 | 1265.0 |
       Volcano |    321 |    321 |      0 |    153 |      0 |   1 |  321.0 |
               +--------+--------+--------+--------+--------+-----+--------+

Top non-repeatable levels by time:
    D:14: 1994 daAuts
    D:12: 1977 daAuts
  Lair:5: 1691 daAuts
  Lair:6: 1677 daAuts
    D:10: 1640 daAuts
     D:1: 1496 daAuts
     D:6: 1470 daAuts
     D:3: 1390 daAuts
   Orc:1: 1354 daAuts
     D:4: 1345 daAuts
    D:11: 1201 daAuts
   Orc:2: 1176 daAuts
     D:9: 1136 daAuts
     D:8: 1052 daAuts
     D:2: 1049 daAuts
